Map: Arctic Dream LE

Players

qqq - Winner!

  • Race: Zerg Zerg
  • League: Platinum
  • Spawn Location: 6:00

Massa - Winner!

  • Race: Terran Terran
  • League: Gold
  • Spawn Location: 5:00

Izadrit

  • Race: Terran Terran
  • League: Platinum
  • Spawn Location: 11:00

Amon

  • Race: Zerg Zerg
  • League: Silver
  • Spawn Location: 12:00

VOD

Have the link to the VOD?

Description

Time

  • Played on: June 9, 2020, 11:43 a.m.
  • Length: 5:54
Show
View Real Time Build Order
Export as new Build Order

qqq Zerg - Winner!

Build Orders: Hatch First 

Get SALT Encoding   

  12  0:01  Drone  
  13  0:09  Drone  
  14  0:36  Hatchery  
  13  0:52  Spawning Pool  
  12  1:06  Drone, Overlord  
  12  1:08  Drone  
  12  1:11  Extractor  
  13  1:24  Drone  
  14  1:32  Drone  
  15  1:41  Queen  
  17  1:55  Queen  
  17  1:57  Drone  
  17  1:58  Drone  
  17  1:59  Drone  
  22  2:04  Drone  
  23  2:14  Metabolic Boost  
  23  2:21  Overlord  
  23  2:23  Zergling x2  
  23  2:27  Drone  
  25  2:30  Zergling x2  
  25  2:33  Zergling x2  
  27  2:42  Zergling x2  
  27  2:44  Drone  
  29  2:45  Zergling x2  
  29  2:49  Zergling x2  
  31  2:55  Zergling x2, Baneling Nest  
  31  2:58  Drone  
  32  3:08  Zergling x2  
  32  3:10  Drone x3  
  36  3:16  Overlord  
  36  3:22  Overlord  
  36  3:30  Overlord  
  36  3:37  Zergling x4  
  36  3:38  Zergling x4  
  40  3:44  Zergling x4  
  40  3:47  Baneling x2  
  40  3:48  Baneling x3  
  42  3:50  Zergling x2  
  42  3:52  Drone  
  42  3:55  Zergling x2  
  45  4:01  Zergling x4  
  47  4:04  Drone  
  47  4:05  Zergling x2  
  49  4:10  Baneling x2  
  49  4:13  Zergling x2  
  49  4:14  Zergling x2  
  47  4:28  Zergling x4  
  47  4:29  Zergling x4  
  50  4:36  Zergling x2  
  50  4:37  Zergling x4  
  50  4:38  Zergling x6  
  55  5:04  Zergling x4  
  55  5:05  Zergling x6  
  45  5:24  Zergling x8  
  45  5:25  Drone, Zergling x4  
Show
View Real Time Build Order
Export as new Build Order

Massa Terran - Winner!

Build Orders:  

Get SALT Encoding   

  13  0:10  Supply Depot  
  12  0:15  SCV  
  13  0:27  SCV  
  14  0:34  Barracks  
  14  0:39  SCV  
  16  1:04  SCV  
  16  1:16  SCV  
  17  1:23  Supply Depot  
  17  1:25  Marine  
  18  1:28  SCV  
  19  1:39  Command Center  
  19  1:43  Marine  
  19  1:44  SCV  
  20  2:01  Barracks  
  20  2:05  Barracks  
  20  2:08  SCV  
  21  2:16  Refinery  
  21  2:20  SCV  
  22  2:37  Orbital Command  
  22  2:42  Refinery  
  22  2:45  Marine  
  23  2:55  Marine x2  
  25  3:03  Marine  
  26  3:13  Marine x2  
  28  3:21  Marine  
  29  3:30  Factory  
  29  3:36  SCV x2  
  31  3:48  SCV x2  
  32  3:53  Marine x3  
  36  4:00  SCV x2  
  36  4:02  Barracks  
  38  4:11  Marine x3  
  38  4:12  SCV x2  
  38  4:14  Engineering Bay  
  43  4:24  Factory Tech Lab  
  43  4:29  Barracks Tech Lab  
  43  4:31  Barracks Reactor  
  43  4:36  Starport  
  43  4:53  Marine  
  43  4:54  Marauder  
  46  5:01  Marine  
  46  5:22  Supply Depot  
  46  5:24  Supply Depot  
Show
View Real Time Build Order
Export as new Build Order

Izadrit Terran 

Build Orders:  

Get SALT Encoding   

  12  0:01  SCV  
  13  0:13  SCV  
  14  0:18  Supply Depot  
  14  0:25  SCV  
  15  0:30  Refinery  
  15  0:39  SCV  
  16  0:46  Barracks  
  16  0:51  SCV  
  17  1:10  SCV, Barracks  
  18  1:22  SCV  
  19  1:34  Barracks  
  19  1:39  Orbital Command  
  19  1:40  Barracks Tech Lab  
  19  2:03  Barracks Tech Lab  
  19  2:04  Supply Depot  
  19  2:05  Marauder  
  19  2:06  Concussive Shells  
  21  2:10  SCV  
  22  2:22  Marine  
  23  2:26  SCV  
  23  2:27  Refinery  
  23  2:28  Marauder  
  26  2:36  Barracks Tech Lab  
  26  2:38  SCV  
  26  2:41  Marauder  
  29  2:50  Supply Depot  
  29  2:52  Marauder  
  29  2:58  Stimpack  
  31  3:12  SCV, Marauder, Marine  
  35  3:14  Marauder  
  37  3:22  Engineering Bay  
  37  3:29  Marine  
  37  3:30  Supply Depot  
  38  3:35  Marine  
  39  3:52  Marauder  
  41  3:59  Command Center  
  41  4:08  Missile Turret  
  41  4:10  Marine  
  42  4:20  Marine  
  42  4:21  Marauder  
  45  4:27  Supply Depot  
  45  4:28  Marine  
  46  4:41  Factory  
  46  4:43  SCV  
  47  4:48  Marine  
  48  4:55  Marauder  
  30  5:19  Marine  
  30  5:20  Marauder  
  30  5:23  Orbital Command  
  30  5:24  Marine  
  30  5:25  Refinery  
  30  5:28  Factory Reactor  
  31  5:33  Starport  
Show
View Real Time Build Order
Export as new Build Order

Amon Zerg 

Build Orders: Hatch First 

Get SALT Encoding   

  12  0:01  Drone  
  13  0:14  Overlord  
  13  0:17  Drone  
  14  0:41  Hatchery  
  13  0:51  Drone x2  
  13  0:55  Drone  
  16  1:06  Extractor  
  15  1:13  Spawning Pool  
  15  1:18  Drone  
  15  1:19  Drone  
  16  1:28  Drone  
  17  1:34  Drone  
  18  1:46  Drone  
  19  1:55  Drone  
  19  1:59  Overlord  
  20  2:01  Queen  
  20  2:04  Queen  
  24  2:13  Drone  
  24  2:14  Drone  
  26  2:35  Roach Warren  
  26  2:36  Drone x3  
  26  2:37  Drone  
  29  2:43  Lair  
  29  2:48  Overlord  
  29  3:01  Overlord  
  29  3:06  Burrow  
  29  3:13  Extractor  
  29  3:14  Drone x5  
  29  3:15  Extractor  
  32  3:23  Overlord  
  32  3:26  Roach  
  32  3:27  Roach  
  36  3:30  Roach  
  36  3:34  Roach  
  40  3:38  Overlord  
  40  3:52  Roach x3  
  40  3:54  Drone  
  40  3:55  Drone  
  48  4:06  Tunneling Claws  
  48  4:11  Overlord  
  48  4:12  Overlord  
  48  4:13  Drone  
  48  4:14  Drone  
  50  4:21  Drone x4  
  54  4:46  Overlord x2  
  54  4:47  Drone  
  54  4:48  Drone x3  
  48  5:09  Spore Crawler  
  43  5:15  Roach x5  
  55  5:21  Roach x4  
  55  5:23  Roach x3  
  67  5:29  Roach  
Tags
 
Add a new tag
Caveats
  • Supply blocks, unpowered buildings, or Contaminate may cause inaccurate times.
  • Supply counts are checked every 10 seconds.